 Dungeon Crawl Stone Soup version 0.29.0-4-gdea44cf6ec (webtiles) character file.

Game seed: 7713595071929342287

1319 qw the Cleaver (level 8, -15/48 HPs)
             Began as a Tengu Warper on Aug 28, 2022.
             Demolished by an ogre
             ... wielding a +0 giant club
              (27 damage)
             ... on level 5 of the Dungeon.
             The game lasted 00:00:27 (5557 turns).

qw the Cleaver (Tengu Warper)                       Turns: 5557, Time: 00:00:28

Health: -15/48     AC: 10    Str: 13    XL:     8   Next: 59%
Magic:  0/12       EV:  7    Int: 15    God:
Gold:   239        SH:  0    Dex: 13    Spells: 11/11 levels left

rFire   + . .      SeeInvis .   Y - +0 war axe
rCold   . . .      Faith    .   (no shield)
rNeg    . . .      Spirit   +   l - +0 chain mail
rPois   .          Reflect  .   (helmet restricted)
rElec   .          Harm     .   d - +0 cloak
rCorr   .          Rampage  .   (no gloves)
Will    .....                   (boots unavailable)
Stlth   ..........              i - amulet of guardian spirit
HPRegen 0.16/turn               c - ring of protection from fire
MPRegen 0.13/turn               (no ring)

@: flying quickly and evasively, quick
A: beak, talons 3, nimble flight
a: no special abilities


You were on level 5 of the Dungeon.
You visited 1 branch of the dungeon, and saw 5 of its levels.

You collected 239 gold pieces.


Innate Abilities, Weirdness & Mutations

You have a beak for a mouth.
You have claws for feet.
Your magical nature lets you fly swiftly and evasively.


   Skills:
 - Level 4.0 Fighting
 + Level 9.4 Axes
 - Level 2.7 Throwing
 - Level 4.0 Armour
 - Level 2.1 Dodging
 - Level 2.0 Spellcasting
 - Level 2.4 Translocations


You had 11 spell levels left.
You didn't know any spells.
Your spell library contained the following spells:

 Spells                   Type           Power      Damage    Failure   Level
 Blink                    Tloc           16%        N/A       98%         2
 Gell's Gravitas          Tloc           8%         N/A       100%        3
 Lesser Beckoning         Tloc           8%         N/A       100%        3
 Teleport Other           Tloc           8%         N/A       100%        3
 Manifold Assault         Tloc           8%         N/A       100%        5

Inventory:

Hand Weapons
 e - a +0 whip
 Y - a +0 war axe (weapon)
Missiles
 h - 6 javelins (quivered)
Armour
 d - a +0 cloak (worn)
 l - a +0 chain mail (worn)
Jewellery
 c - a ring of protection from fire (left hand)
 i - an amulet of guardian spirit (around neck)
Scrolls
 a - a scroll of amnesia {unknown}
 b - a scroll of identify
Potions
 g - a potion of might

Dungeon Overview and Level Annotations

Branches:
Dungeon (5/15)
 Temple: D:4-7

Altars:

Annotations:
D:2 1 runed translucent door, Crazy Yiuf


Message History

There is a stone staircase leading up here.
There is a stone staircase leading down here.
Found 4 stones.
An ogre comes into view. It is wielding a +0 giant club.
You barely miss the ogre. You claw the ogre!
The ogre is moderately wounded.
The ogre hits you with a +0 giant club!!
You hit the ogre but do no damage. You claw the ogre.
The ogre is moderately wounded.
The ogre closely misses you.
You slash the ogre!
The ogre is heavily wounded.
You barely miss the ogre.
The ogre is heavily wounded.
The ogre hits you with a +0 giant club!
You hit the ogre.
The ogre is severely wounded.
The ogre hits you with a +0 giant club!
5551 ||| READING scroll of teleportation.
As you read the scroll of teleportation, it crumbles to dust.
You feel strangely unstable.
You barely miss the ogre. You claw the ogre, but do no damage.
The ogre is severely wounded.
The ogre closely misses you.
You slash the ogre!
You kill the ogre!
You start resting.
Your surroundings suddenly seem different.
An ogre comes into view. It is wielding a +0 giant club.
The ogre shouts!
Enter note: You slash the ogre!
You claw the ogre. You peck the ogre.
The ogre is heavily wounded.
The ogre barely misses you.
You hit the ogre but do no damage. You claw the ogre.
You peck the ogre, but do no damage.
The ogre is heavily wounded.
The ogre hits you with a +0 giant club!!
Ouch! That really hurt!
You die...

'.(.......
####
#######...
..#. #...
...#######
#...
..#.....#
#...
.......#
#...
......#
....
#O....#
.)..
#@....#
....
#.....#
...
#.....#
...
#.....#
#.....#
#......#
#........
########.


You could see an ogre.

Vanquished Creatures
  Grinder (D:4)
  Sigmund (D:3)
  A water moccasin (D:5)
  Duvessa (D:4)
  A black bear (D:4)
  An ogre (D:5)
  2 scorpions (D:5)
  Dowan (D:4)
  A jelly (D:4)
  A hound (D:4)
  2 iguanas (D:4)
  Ijyb (D:3)
  Terence (D:2)
  Natasha (thrice) (D:4)
  Robin (D:2)
  7 adders
  A worm (D:2)
  A dart slug (D:1)
  4 orcs (D:3)
  8 ball pythons
  8 bats
  8 endoplasms
  6 giant cockroaches
  13 goblins
  8 hobgoblins
  8 jackals
  8 kobolds
  4 quokkas
  4 frilled lizards
  3 rats
110 creatures vanquished.

Vanquished Creatures (others)
  A fungus (D:1)
1 creature vanquished.

Grand Total: 111 creatures vanquished

Notes
Turn   | Place    | Note
-------+----------+-------------------------------------------
     0 | D:1      | qw the Tengu Warper began the quest for the Orb.
     0 | D:1      | Reached XP level 1. HP: 12/12 MP: 4/4
     0 | D:1      | 0 ||| qw: Version: 0.1-a-89-g26bdef1
     0 | D:1      | 0 ||| qw: Game counter: 1033
     0 | D:1      | 0 ||| qw: Always use a shield: true
     0 | D:1      | 0 ||| qw: God list: Okawaru
     0 | D:1      | 0 ||| qw: Allow faded altars: false
     0 | D:1      | 0 ||| qw: Do Orc after D:15 true
     0 | D:1      | 0 ||| qw: Do second Lair branch before Depths: true
     0 | D:1      | 0 ||| qw: Lair rune preference: random
     0 | D:1      | 0 ||| qw: Plans: Normal
     0 | D:1      | 0 ||| PLANNING D:1-11
    63 | D:1      | Reached XP level 2. HP: 17/17 MP: 6/6
    84 | D:1      | Reached skill level 3 in Axes
    99 | D:1      | HP: 4/17 [dart slug/slug dart (5)]
   431 | D:1      | 431 ||| Stepping ~*~*~tactically~*~*~ (stealth).
   433 | D:1      | 433 ||| Stepping ~*~*~tactically~*~*~ (stealth).
   442 | D:1      | HP: 4/17 [quokka (2)]
   524 | D:1      | Reached XP level 3. HP: 10/21 MP: 7/7
   893 | D:1      | Reached skill level 4 in Axes
   932 | D:1      | Found a faded altar of an unknown god.
  1251 | D:1      | 1251 ||| UPGRADING to +0 ring mail.
  1261 | D:1      | 1261 ||| DROPPING +0 leather armour.
  1262 | D:1      | 1262 ||| READING scroll labelled VEWKUA FIFI.
  1263 | D:1      | 1263 ||| READING scroll labelled WIOVIJ TALUYDD.
  1264 | D:1      | 1264 ||| DRINKING 2 fizzy coppery potions.
  1265 | D:1      | 1265 ||| DROPPING scroll of blinking.
  1319 | D:2      | 1319 ||| Stepping ~*~*~tactically~*~*~ (stealth).
  1369 | D:2      | 1369 ||| DROPPING +0 club.
  1398 | D:2      | Reached XP level 4. HP: 26/26 MP: 8/8
  1699 | D:2      | Reached skill level 5 in Axes
  1732 | D:2      | 1732 ||| SWAPPING to +0 war axe.
  1735 | D:2      | 1735 ||| DROPPING +0 hand axe.
  1902 | D:2      | 1902 ||| Stepping ~*~*~tactically~*~*~ (hiding).
  1908 | D:2      | Noticed Robin
  1909 | D:2      | Noticed Terence
  1921 | D:2      | HP: 2/26 [Terence/+0 trident (6)]
  1922 | D:2      | 1922 ||| DRINKING 2 potions of heal wounds.
  1930 | D:2      | Killed Terence
  1931 | D:2      | Gained mutation: Your magical nature lets you fly swiftly
                  | and evasively. [Tengu growth]
  1931 | D:2      | Reached XP level 5. HP: 17/30 MP: 9/9
  1953 | D:2      | Killed Robin
  2355 | D:2      | Found a runed translucent door.
  2356 | D:2      | Noticed Crazy Yiuf
  2419 | D:2      | 2419 ||| UPGRADING to +0 chain mail.
  2429 | D:2      | 2429 ||| DROPPING +0 ring mail.
  2430 | D:2      | 2430 ||| READING scroll labelled LEQ NARAERO.
  2531 | D:2      | 2531 ||| READING scroll labelled YLORI MELOISEN.
  2532 | D:2      | 2532 ||| READING scroll labelled QIZYLOMUODD.
  2533 | D:2      | 2533 ||| READING 2 scrolls of identify.
  2533 | D:2      | 2533 ||| IDENTIFYING yellow potion
  2534 | D:2      | 2534 ||| DROPPING potion of attraction.
  2599 | D:3      | Noticed Ijyb
  2600 | D:3      | 2600 ||| Stepping ~*~*~tactically~*~*~ (hiding).
  2611 | D:3      | Killed Ijyb
  2612 | D:3      | Reached skill level 6 in Axes
  2922 | D:3      | 2922 ||| Stepping ~*~*~tactically~*~*~ (stealth).
  2923 | D:3      | 2923 ||| Stepping ~*~*~tactically~*~*~ (stealth).
  2980 | D:3      | Noticed Sigmund
  2981 | D:3      | 2981 ||| Stepping ~*~*~tactically~*~*~ (hiding).
  2986 | D:3      | HP: 7/30 [Sigmund/+2 scythe of venom (11)]
  2987 | D:3      | 2987 ||| DRINKING 2 potions of heal wounds.
  2991 | D:3      | Killed Sigmund
  2992 | D:3      | Reached XP level 6. HP: 24/35 MP: 10/10
  3216 | D:3      | 3216 ||| Stepping ~*~*~tactically~*~*~ (stealth).
  3218 | D:3      | 3218 ||| Stepping ~*~*~tactically~*~*~ (stealth).
  3220 | D:3      | 3220 ||| Stepping ~*~*~tactically~*~*~ (stealth).
  3226 | D:3      | 3226 ||| Stepping ~*~*~tactically~*~*~ (stealth).
  3439 | D:3      | 3439 ||| UPGRADING to +0 cloak.
  3444 | D:3      | 3444 ||| UPGRADING to amulet of guardian spirit.
  3449 | D:3      | 3449 ||| READING scroll labelled ECOHIOV QAOQE.
  3454 | D:3      | 3454 ||| READING scroll labelled KIGGUN JUMUO.
  3455 | D:3      | 3455 ||| DRINKING 2 smoky inky potions.
  3456 | D:3      | 3456 ||| READING 3 scrolls of identify.
  3456 | D:3      | 3456 ||| IDENTIFYING fizzy yellow potion
  3457 | D:3      | 3457 ||| READING 2 scrolls of identify.
  3457 | D:3      | 3457 ||| IDENTIFYING red potion
  3458 | D:3      | 3458 ||| DROPPING potion of magic.
  3459 | D:3      | 3459 ||| DROPPING potion of brilliance.
  3532 | D:4      | 3532 ||| FLEEEEING.
  3535 | D:4      | HP: 6/35 [iguana (4)]
  3536 | D:4      | 3536 ||| DRINKING potion of heal wounds.
  3566 | D:4      | 3566 ||| FLEEEEING.
  3567 | D:4      | 3567 ||| FLEEEEING.
  3568 | D:4      | 3568 ||| FLEEEEING.
  3569 | D:4      | 3569 ||| FLEEEEING.
  3570 | D:4      | 3570 ||| STAIRDANCE
  3883 | D:4      | Reached XP level 7. HP: 40/40 MP: 11/11
  3918 | D:4      | Reached skill level 7 in Axes
  3978 | D:4      | Noticed Grinder
  3986 | D:4      | Paralysed by Grinder for 4 turns
  3994 | D:4      | HP: 8/40 [Grinder (4)]
  3996 | D:4      | Killed Grinder
  4250 | D:4      | 4250 ||| Stepping ~*~*~tactically~*~*~ (stealth).
  4251 | D:4      | 4251 ||| Stepping ~*~*~tactically~*~*~ (stealth).
  4253 | D:4      | 4253 ||| Stepping ~*~*~tactically~*~*~ (stealth).
  4255 | D:4      | 4255 ||| Stepping ~*~*~tactically~*~*~ (stealth).
  4322 | D:4      | Noticed Natasha
  4329 | D:4      | Killed Natasha
  4345 | D:4      | Noticed Duvessa
  4345 | D:4      | 4345 ||| FLEEEEING.
  4346 | D:4      | 4346 ||| FLEEEEING.
  4347 | D:4      | 4347 ||| FLEEEEING.
  4348 | D:4      | 4348 ||| FLEEEEING.
  4349 | D:4      | 4349 ||| FLEEEEING.
  4350 | D:4      | 4350 ||| FLEEEEING.
  4351 | D:4      | 4351 ||| FLEEEEING.
  4352 | D:4      | 4352 ||| FLEEEEING.
  4353 | D:4      | 4353 ||| FLEEEEING.
  4354 | D:4      | 4354 ||| FLEEEEING.
  4355 | D:4      | 4355 ||| FLEEEEING.
  4356 | D:4      | 4356 ||| FLEEEEING.
  4357 | D:4      | 4357 ||| FLEEEEING.
  4358 | D:4      | 4358 ||| FLEEEEING.
  4361 | D:4      | Noticed Dowan
  4362 | D:4      | 4362 ||| Stepping ~*~*~tactically~*~*~ (hiding).
  4364 | D:4      | 4364 ||| Stepping ~*~*~tactically~*~*~ (hiding).
  4366 | D:4      | 4366 ||| Stepping ~*~*~tactically~*~*~ (hiding).
  4367 | D:4      | 4367 ||| Stepping ~*~*~tactically~*~*~ (hiding).
  4370 | D:4      | 4370 ||| Stepping ~*~*~tactically~*~*~ (hiding).
  4375 | D:4      | Killed Duvessa
  4380 | D:4      | HP: 4/43 [Dowan/shard of ice (8)]
  4381 | D:4      | Killed Dowan
  4382 | D:4      | Reached skill level 8 in Axes
  4676 | D:4      | Reached XP level 8. HP: 48/48 MP: 12/12
  4702 | D:4      | Noticed Natasha
  4706 | D:4      | Killed Natasha
  4933 | D:4      | Noticed Natasha
  4945 | D:4      | Killed Natasha
  4994 | D:4      | 4994 ||| UPGRADING to ring of protection from fire.
  4995 | D:4      | 4995 ||| READING scroll labelled XULIDASAOD.
  5108 | D:4      | 5108 ||| READING 2 scrolls of identify.
  5108 | D:4      | 5108 ||| IDENTIFYING fuming amethyst potion
  5109 | D:4      | 5109 ||| DROPPING potion of degeneration.
  5128 | D:5      | Entered Level 5 of the Dungeon
  5346 | D:5      | Reached skill level 9 in Axes
  5550 | D:5      | HP: 11/48 [ogre/+0 giant club (7)]
  5551 | D:5      | 5551 ||| READING scroll of teleportation.
  5557 | D:5      | Demolished by an ogre

Levels and vault maps discovered:
D:1:      psy_arrival_spokes, layout_basic,
          shapermc_ecumenical_altar_mp_urbaneastern
D:2:      layout_loops_ring, minivault_14, hangedman_abyss_or_decor_lesser_grid,
          uniq_crazy_yiuf_cottage, uniq_robin, uniq_terence
D:3:      layout_loops_cross, uniq_ijyb, uniq_sigmund
D:4:      layout_basic, uniq_natasha, uniq_grinder, uniq_duvessa
D:5:      layout_basic, minmay_temple_entry_large_hall

Skill      XL: |  1  2  3  4  5  6  7  8 |
---------------+-------------------------+-----
Axes           | 3 4 5 6 8 9 |  9.4
Armour         | 4 |  4.0
Fighting       | 4 |  4.0
Throwing       | 2 |  2.7
Dodging        | |  2.1
Spellcasting   | |  2.0
Translocations | |  2.4

Action                   |  1- 3 |  4- 6 |  7- 9 || total
-------------------------+-------+-------+-------++-------
Melee: Hand axe          |    48 |    23 |       ||    71
       Kick              |    10 |    30 |    31 ||    71
       Peck              |     5 |    16 |     9 ||    30
       Punch             |     1 |     1 |       ||     2
       War axe           |       |    77 |    97 ||   174
Throw: Boomerang         |     7 |       |       ||     7
       Javelin           |    36 |    24 |    19 ||    79
  Use: Scroll            |     2 |     8 |     3 ||    13
       Potion            |     1 |     4 |       ||     5
Armor: Leather armour    |     5 |       |       ||     5
       Ring mail         |     6 |    19 |       ||    25
       Skin              |       |    29 |       ||    29
       Chain mail        |       |    22 |    45 ||    67
Dodge: Dodged            |    28 |    46 |    39 ||   113

Table legend:
 A = Non-vault XP
 B = Vault XP
 C = Vault XP percentage of total XP
 D = Non-vault monster count
 E = Vault monster count
 F = Vault count percentage of total count
                 A         B        C        D         E       F
            +---------+---------+-------+---------+---------+-------
      Total |    1038 |     847 |  44.9 |      95 |      15 |  13.6
            +---------+---------+-------+---------+---------+-------
        D:1 |      56 |       0 |   0.0 |      30 |       0 |   0.0
        D:2 |      82 |      65 |  44.2 |      27 |       9 |  25.0
        D:3 |      33 |     259 |  88.7 |      11 |       2 |  15.4
        D:4 |     392 |     523 |  57.2 |      21 |       4 |  16.0
        D:5 |     475 |       0 |   0.0 |       6 |       0 |   0.0
            +---------+---------+-------+---------+---------+-------
